 Dungeon Crawl Stone Soup version 0.21.1-1-g345015f (webtiles) character file.

129 letownia2 the Conjurer (level 5, 0/28 HPs)
             Began as a Tengu Fire Elementalist on Mar 5, 2018.
             Succumbed to a worker ant's poison
             ... on level 4 of the Dungeon.
             The game lasted 00:03:16 (537 turns).

letownia2 the Conjurer (Tengu Fire Elementalist)     Turns: 537, Time: 00:03:16

Health: 0/28       AC:  2    Str:  8    XL:     5   Next: 12%
Magic:  9/9        EV: 13    Int: 16    God:
Gold:   70         SH:  0    Dex: 15    Spells: 7/8 levels left

rFire    . . .     SeeInvis .   l - +0 spear (venom)
rCold    . . .     Gourm    .   (no shield)
rNeg     . . .     Faith    .   a - +0 robe
rPois    .         Spirit   .   (helmet restricted)
rElec    .         Reflect  .   (no cloak)
rCorr    .         Harm     .   (no gloves)
MR       .....                  (boots unavailable)
Stlth    ++........             (no amulet)
HPRegen  0.09/turn              (no ring)
MPRegen  0.11/turn              (no ring)

@: lethally poisoned (0 -> -16)
A: beak, talons 3, able to fly 1
a: Fly


You were on level 4 of the Dungeon.
You were not hungry.

You visited 1 branch of the dungeon, and saw 4 of its levels.

You collected 70 gold pieces.

Inventory:

Hand Weapons
 d - a +0 dagger
 j - a cursed -1 dagger
 l - a +0 spear of venom (weapon)
Missiles
 k - 4 tomahawks (quivered)
Armour
 a - a +0 robe (worn)
Wands
 h - a wand of clouds (2)
Scrolls
 f - a scroll of blinking {unknown}
 g - a scroll of enchant weapon {unknown}
 m - a scroll of identify {unknown}
Potions
 e - a potion of might
Books
 b - a book of Flames

   Spells                             Type                      Level
   a - Flame Tongue                   Conjuration/Fire             1
   b - Throw Flame                    Conjuration/Fire             2
   c - Conjure Flame                  Conjuration/Fire             3
   d - Inner Flame                    Hexes/Fire                   3
   e - Sticky Flame                   Conjuration/Fire             4
   f - Fireball                       Conjuration/Fire             5
Comestibles
 c - a ration
 i - 2 chunks of flesh


   Skills:
 - Level 2.1 Dodging
 - Level 2.0 Stealth
 - Level 2.0 Spellcasting
 + Level 6.3 Conjurations
 - Level 3.2 Fire Magic


You had 7 spell levels left.
You knew the following spells:

 Your Spells              Type           Power        Failure   Level  Hunger
a - Flame Tongue          Conj/Fire      ###..        2%          1    #......


Dungeon Overview and Level Annotations

Branches:
Dungeon (4/15)
 Temple: D:4-7

Altars:


Innate Abilities, Weirdness & Mutations

You have a beak for a mouth.
You have claws for feet.
You can fly.


Message History

Unknown command.
You feel sick.
Attack whom?
Press: ? - help, Dir - move target cursor, f/p - worker ant
Aim: a worker ant (moderately wounded, poisoned)
You closely miss the worker ant. You peck the worker ant.
The worker ant is moderately wounded.
You feel sick. The worker ant bites you.
You are lethally poisoned!
The worker ant poisons you! The worker ant bites you.
* * * LOW HITPOINT WARNING * * *
Unknown command.
Unknown command.
* * * LOW HITPOINT WARNING * * *
You feel sick.
Unknown command.
Unknown command.
Okay, then.
Okay, then.
You die...

#............a. #.#
#.###...#.##.#.# #.# #.#
##..>.a..... #.# #.#
####.###### ### #.# #.# #<#
.... #.# #.# #.#####.
.....###.# #.#######......#
........[####.##............
.......<.a.@..##.#.#........
...a.########.......######..
##. #.......# .
#####..>....# #...........#
....# #.###.......# ....#
#.# #......... #.#.# #.#
#.......#.# #.#.# #.#
#########.#


You could see a worker ant.

Vanquished Creatures
  4 orc wizards (D:4)
  An adder (D:2)
  A worm (D:2)
  A leopard gecko (D:4)
  An orc (D:4)
  A goblin (D:2)
  2 hobgoblins (D:2)
  A kobold (D:1)
  2 rats
14 creatures vanquished.

Notes
Turn   | Place    | Note
-------+----------+-------------------------------------------
     0 | D:1      | letownia2 the Tengu Fire Elementalist began the quest for the Orb.
     0 | D:1      | Reached XP level 1. HP: 10/10 MP: 4/4
    68 | D:2      | Reached skill level 2 in Conjurations
   140 | D:2      | Reached XP level 2. HP: 13/15 MP: 3/6
   279 | D:2      | Reached skill level 3 in Conjurations
   364 | D:4      | Reached skill level 4 in Conjurations
   364 | D:4      | Reached XP level 3. HP: 10/19 MP: 3/7
   364 | D:4      | Reached skill level 5 in Conjurations
   364 | D:4      | Reached XP level 4. HP: 12/24 MP: 3/8
   369 | D:4      | Reached skill level 6 in Conjurations
   370 | D:4      | Gained mutation: You can fly. [Tengu growth]
   370 | D:4      | Reached XP level 5. HP: 13/28 MP: 3/9
   384 | D:4      | Noticed Ijyb
   536 | D:4      | HP: 1/28 [poisoned by a worker ant]
   537 | D:4      | Succumbed to a worker ant's poison

Skill      XL: |  1  2  3  4 |
---------------+-------------+-----
Conjurations   | 2 4 5 6 |  6.3
Dodging        | |  2.1
Stealth        | |  2.0
Spellcasting   | |  2.0
Fire Magic     | |  3.2

Action                   |  1- 3 |  4- 6 || total
-------------------------+-------+-------++-------
Melee: Dagger            |     5 |     1 ||     6
       Kick              |     3 |     1 ||     4
       Spear             |       |     3 ||     3
       Peck              |       |     1 ||     1
 Cast: Flame Tongue      |    18 |    12 ||    30
Evoke: Wand              |     1 |     1 ||     2
 Stab: Sleeping          |     1 |       ||     1
Armor: Robe              |     3 |       ||     3
Dodge: Dodged            |     9 |     7 ||    16
